 Dungeon Crawl Stone Soup version 0.31.0-32-g396128a36d (webtiles) character file.

Game seed: 1091819720474532955

11258 Eitelfritz the Severer (level 11, -5/87 HPs)
             Began as a Hill Orc Fighter on Mar 9, 2024.
             Was a Priest of Hepliaklqana.
             Slain by a warg (17 damage)
             ... on level 11 of the Dungeon.
             The game lasted 00:21:41 (9664 turns).

Eitelfritz the Severer (Hill Orc Fighter)           Turns: 9664, Time: 00:21:44

Health: -5/87      AC: 24    Str: 24    XL:     11   Next: 74%
Magic:  11/11      EV:  7    Int:  8    God:    Hepliaklqana [***...]
Gold:   716        SH:  9    Dex: 10    Spells: 10/10 levels left

rFire   . . .        a - +3 war axe (venom)
rCold   + . .        u - +0 kite shield {reflect}
rNeg    . . .        B - +2 plate armour {rC+}
rPois   +            n - +0 helmet
rElec   .            l - +2 cloak {rPois}
rCorr   .            M - +0 pair of gloves
SInv    .            v - +0 pair of boots
Will    .....        (no amulet) Stlth
                     (no ring)
HPRegen 0.34/turn    (no ring)
MPRegen 0.12/turn

%: reflection
@: no status effects
A: reduced essence
a: Renounce Religion, Convert to Beogh, Recall Ancestor, Ancestor Identity,
Transference


You were on level 11 of the Dungeon.
You worshipped Hepliaklqana.
Hepliaklqana was most pleased with you.
You visited 3 branches of the dungeon, and saw 13 of its levels.
You also visited: Bailey.

You collected 716 gold pieces.

Inventory:

Hand Weapons
 a - a +3 war axe of venom (weapon)
 b - a +0 morningstar
 q - the +6 whip of Untruth {freeze, rPois rF+ rN+ Dex+2}
   (You found it on level 3 of the Dungeon)

   Dex+2:     It affects your dexterity (+2).
   rF+:       It protects you from fire.
   rPois:     It protects you from poison rN+: It protects you from negative
   energy.
 w - a +1 flail of protection
 z - a +2 hand axe of flaming
Missiles
 p - 30 poisoned darts (quivered)
 H - a curare-tipped dart
Armour
 l - a +2 cloak of poison resistance (worn)
 n - a +0 helmet (worn)
 o - a +1 scale mail of poison resistance
 u - a +0 kite shield of reflection (worn)
 v - a +0 pair of boots (worn)
 B - a +2 plate armour of cold resistance (worn)
 M - a +0 pair of gloves (worn)
Jewellery
 F - a ring of ice
 J - an amulet of faith
Wands
 h - a wand of iceblast (21)
 r - a wand of digging (8)
 C - a wand of flame (29)
 D - a wand of paralysis (4)
Scrolls
 j - a scroll of brand weapon
 k - 5 scrolls of amnesia
 y - a scroll of fog
 G - a scroll of immolation
 I - 2 scrolls of identify
 L - a scroll of enchant armour {unknown}
Potions
 d - 2 potions of might
 e - 2 potions of attraction
 f - 2 potions of lignification
 g - 3 potions of brilliance
 i - 4 potions of curing
 s - 3 potions of haste
 t - 2 potions of enlightenment
 x - 2 potions of heal wounds
 A - a potion of mutation
 E - 11 potions of ambrosia
 K - 2 potions of cancellation {unknown}
Miscellaneous
 m - a sack of spiders


   Skills:
 + Level 9.3 Fighting
 + Level 15.1(15.4) Axes
 + Level 3.4(9.0) Maces & Flails
 + Level 10.2 Armour
 + Level 3.5 Dodging
 + Level 2.3 Stealth
 + Level 7.1 Shields


You had 10 spell levels left.
You didn't know any spells.
Your spell library contained the following spells:

 Spells                   Type           Power      Damage    Failure   Level
 Apportation              Tloc           0%         N/A       100%        1
 Magic Dart               Conj           0%         1d3       100%        1
 Shock                    Conj/Air       0%         1d3       100%        1
 Call Imp                 Summ           0%         N/A       100%        2
 Lesser Beckoning         Tloc           0%         N/A       100%        2
 Sublimation of Blood     Necr           0%         N/A       100%        2
 Dazzling Flash           Conj/Hex       0%         N/A       100%        3
 Gell's Gravitas          Tloc           0%         N/A       100%        3
 Mephitic Cloud           Conj/Alch/Air  0%         N/A       100%        3
 Teleport Other           Tloc           0%         N/A       100%        3
 Volatile Blastmotes      Fire/Tloc      0%         2d10      100%        3
 Fulminant Prism          Conj/Alch      0%         3d5       100%        4
 Iskenderun's Mystic Bla  Conj/Tloc      0%         2d3       100%        4
 Petrify                  Alch/Erth      0%         N/A       100%        4
 Alistair's Intoxication  Alch           0%         N/A       100%        5
 Borgnjor's Vile Clutch   Necr/Erth      0%         N/A       100%        5
 Curse of Agony           Necr           0%         N/A       100%        5
 Irradiate                Conj/Alch      0%         3d11      100%        5
 Silence                  Hex/Air        0%         N/A       100%        5
 Eringya's Noxious Bog    Alch           0%         4d6       100%        6
 Summon Hydra             Summ           0%         N/A       100%        7


Dungeon Overview and Level Annotations

Branches:
Dungeon (11/15)            Temple (1/1) D:4            Lair (0/5) D:11
    Orc (1/2) D:9          Bailey (visited)

Altars:
Ashenzari
Cheibriados
Dithmenos
Elyvilon
Fedhas
Gozag
Hepliaklqana
Kikubaaqudgha
Makhleb
Nemelex Xobeh
Okawaru
Qazlal
Ru
Sif Muna
Trog
Uskayaw
Vehumet
Wu Jian
Xom
Yredelemnul
Zin
The Shining One
Beogh

Annotations:
Orc:1 Sonja


Message History

You block the orc priest's attack. The orc barely misses you.
The orc closely misses you. The wolf bites you. The warg closely misses you.
Cenhelm points at the orc priest and mumbles some strange words.
The orc priest resists with some effort.
Things that are here:
a +0 dagger; a +0 robe; a wolf corpse You barely miss the warg.
The warg is lightly wounded.
You hit the wolf but do no damage.
The wolf is poisoned.
You hit the orc priest but do no damage.
The orc priest is poisoned.
You slash the orc!
You kill the orc!
You slash the orc!
You kill the orc!
The wolf bites you but does no damage.
The orc priest invokes the aid of Beogh against you.
Beogh smites you!
* * * LOW HITPOINT WARNING * * *
The warg bites you.
* * * LOW HITPOINT WARNING * * *
You hit the orc wizard.
The orc wizard is moderately wounded.
You slash the orc priest!
The orc priest looks as sick as possible!
You barely miss the wolf. You barely miss the warg.
You barely miss the orc priest. You block the wolf's attack.
The warg barely misses you.
Cenhelm hits the warg with a +0 dagger of draining.
The orc priest calls upon Beogh to heal the orc wizard.
The orc wizard's wounds heal themselves!
The orc priest closely misses you. You block the orc wizard's attack.
The wolf completely misses you.
Cenhelm closely misses the warg.
The orc priest shouts, "Surrender to Beogh and we'll let you live!"
The orc priest shouts, "Beogh is our master!
Accept the truth or die!"
You slash the orc wizard!
You kill the orc wizard!
You closely miss the warg. You slash the orc priest! You hit the orc priest.
You kill the orc priest!
You hit the wolf.
The wolf looks as sick as possible!
The warg bites you!
You die...

#. # #.# #.. #.#
##.... #.# #......
#.########o......
#.......R@)......
#####....>##hh)....>.
♣...#.....###........
♣...#.....# ##.......
♣...#.....# #......
♣♣...#.....## ##....
♣(............ ....
#♣......####### .##
##.......#


You could see the friendly Cenhelm the hexer, a warg (poisoned), a wolf
(extremely poisoned) and an orc priest (very poisoned, ally target).

Vanquished Creatures
  3 two-headed ogres (D:11)
  Pikel (D:9)
  A queen bee (D:10)
  2 hornets
  A shadow (D:10)
  2 wraiths
  10 yaks
  A wyvern (D:9)
  A steam dragon (D:5)
  Edmund (D:5)
  Duvessa (D:7)
  A sky beast (D:7)
  4 orc warriors
  A black bear (D:4)
  5 ice beasts
  3 ogres
  3 centaurs
  A phantom (D:7)
  4 kobold brigands
  3 bullfrogs
  4 scorpions
  Dowan (D:7)
  25 killer bees
  3 howler monkeys
  A bombardier beetle (D:3)
  3 hounds
  A jelly (D:6)
  Crazy Yiuf (D:6)
  5 orc priests
  Jessica (D:3)
  2 gnoll boudas
  5 iguanas
  2 sleepcaps (D:6)
  9 orc wizards
  Robin (D:2)
  8 adders
  9 gnolls
  A shadow imp (D:6)
  2 white imps
  2 ufetubi (D:5)
  2 dart slugs
  56 orcs
  4 endoplasms
  A giant cockroach (D:1)
  19 hobgoblins
  5 jackals
  2 quokkas
  6 ball pythons
  8 bats
  7 frilled lizards
  16 goblins
  16 kobolds
  7 rats
284 creatures vanquished.

Vanquished Creatures (collateral kills)
  An orc knight (Bailey)
  A warg (Orc:1)
  4 orc warriors
  A wolf (D:11)
  A bullfrog (D:7)
  3 killer bees (D:10)
  A hound (D:6)
  2 orc priests
  2 orc wizards
  A gnoll (D:8)
  14 orcs
  2 goblins (D:10)
  3 kobolds (D:9)
36 creatures vanquished.

Vanquished Creatures (others)
  A hexer (D:10)
1 creature vanquished.

Grand Total: 321 creatures vanquished

Notes
Turn   | Place    | Note
-------+----------+-------------------------------------------
     0 | D:1      | Eitelfritz the Hill Orc Fighter began the quest for the
                  | Orb.
     0 | D:1      | Reached XP level 1. HP: 19/19 MP: 1/1
    17 | D:1      | Got First Steps in the Power of Words
   112 | D:1      | Reached XP level 2. HP: 20/27 MP: 2/2
   187 | D:1      | Reached skill level 3 in Axes
   960 | D:2      | Reached XP level 3. HP: 28/33 MP: 3/3
  1278 | D:2      | Reached skill level 4 in Axes
  1278 | D:2      | Reached XP level 4. HP: 40/40 MP: 4/4
  1504 | D:2      | Noticed Robin
  1513 | D:2      | Killed Robin
  1814 | D:3      | Found a faded altar of an unknown god.
  1903 | D:3      | Reached XP level 5. HP: 36/47 MP: 5/5
  2099 | D:3      | Noticed Jessica
  2106 | D:3      | Killed Jessica
  2135 | D:3      | Reached skill level 5 in Axes
  2159 | D:3      | Reached skill level 1 in Dodging
  2159 | D:3      | Reached XP level 6. HP: 47/53 MP: 6/6
  2167 | D:3      | Found a bloodstained altar of Trog.
  2182 | D:3      | Identified the +6 whip of Untruth {freeze, rPois rF+ rN+
                  | Dex+2}
  2610 | D:3      | Found a shimmering blue altar of Sif Muna.
  2719 | D:4      | Reached skill level 6 in Axes
  2794 | D:4      | Reached skill level 1 in Maces & Flails
  2794 | D:4      | Reached XP level 7. HP: 54/60 MP: 7/7
  3027 | D:4      | You fall into a shaft and drop 3 floors!
  3096 | D:7      | Reached skill level 5 in Fighting
  3217 | D:6      | Identified the +0 robe of the Dwarven Hall {Dex+2}
  3239 | D:5      | Entered Level 5 of the Dungeon
  3239 | D:5      | Noticed Edmund
  3250 | D:5      | Reached skill level 7 in Axes
  3251 | D:5      | Killed Edmund
  3252 | D:5      | Reached skill level 5 in Armour
  3252 | D:5      | Reached XP level 8. HP: 26/68 MP: 8/8
  3455 | D:4      | Found a staircase to the Ecumenical Temple.
  3572 | D:4      | Found a broken altar of Ashenzari.
  3660 | Temple   | Entered the Ecumenical Temple
  3673 | Temple   | Became a worshipper of Hepliaklqana the Forgotten
  3874 | D:5      | Reached skill level 8 in Axes
  4181 | D:5      | Reached skill level 9 in Axes
  4518 | D:6      | Found a shadowy altar of Dithmenos.
  4535 | D:6      | Reached skill level 5 in Shields
  4535 | D:6      | Reached XP level 9. HP: 75/75 MP: 9/9
  4592 | D:6      | Reached skill level 10 in Axes
  4632 | D:6      | Reached * piety under Hepliaklqana
  4662 | D:6      | Found a runed translucent door.
  4663 | D:6      | Noticed Crazy Yiuf
  4813 | D:6      | Found a basalt altar of Yredelemnul.
  4921 | D:6      | Found an ornate altar of the Wu Jian Council.
  4952 | D:6      | Found a hide-covered altar of Uskayaw.
  5084 | D:6      | Killed Crazy Yiuf
  5264 | D:7      | Noticed Dowan
  5265 | D:7      | Noticed Duvessa
  5269 | D:7      | Killed Duvessa
  5272 | D:7      | Killed Dowan
  5390 | D:7      | Reached skill level 11 in Axes
  5408 | D:7      | Found a sparkling altar of Nemelex Xobeh.
  6081 | D:8      | Reached ** piety under Hepliaklqana
  6152 | D:8      | Reached skill level 1 in Stealth
  6215 | D:8      | Noticed a hornet
  6219 | D:8      | Killed a hornet
  6293 | D:8      | Identified the +1 robe of the Original Sin {rCorr Dex+5
                  | Archmagi}
  6341 | D:8      | Reached skill level 12 in Axes
  6341 | D:8      | Reached XP level 10. HP: 72/77 MP: 10/10
  6856 | D:8      | Remembered your ancestor Cenhelm as a hexer
  6966 | D:9      | Noticed Pikel
  6975 | D:9      | Killed Pikel
  6987 | D:9      | Reached skill level 13 in Axes
  6993 | D:9      | Found a roughly hewn altar of Beogh.
  6993 | D:9      | Found a staircase to the Orcish Mines.
  7774 | Orc:1    | Entered Level 1 of the Orcish Mines
  7777 | Orc:1    | Noticed Sonja
  7974 | D:10     | Entered Level 10 of the Dungeon
  8025 | D:10     | Found a flagged portal.
  8039 | Bailey   | Entered a bailey
  8260 | Bailey   | Noticed an orc knight
  8277 | Bailey   | Killed an orc knight
  8278 | Bailey   | Reached XP level 11. HP: 61/84 MP: 11/11
  8625 | D:10     | Reached *** piety under Hepliaklqana
  8711 | D:10     | Found a radiant altar of Vehumet.
  8717 | D:10     | Reached skill level 14 in Axes
  9427 | D:11     | Noticed a two-headed ogre
  9430 | D:11     | Noticed a two-headed ogre
  9439 | D:11     | Killed a two-headed ogre
  9439 | D:11     | Noticed a two-headed ogre
  9440 | D:11     | Reached skill level 10 in Armour
  9443 | D:11     | Killed a two-headed ogre
  9449 | D:11     | Killed a two-headed ogre
  9450 | D:11     | Reached skill level 15 in Axes
  9656 | D:11     | Found a staircase to the Lair.
  9664 | D:11     | Slain by a warg

Illustrated notes

Levels and vault maps discovered:
D:1:      lemuel_arrival_muddy, layout_basic, kennysheep_another_room,
          kennysheep_decorative_pillar, minmay_close_crescents
D:2:      layout_loops_cross, serial_glass, glass_columns_a, glass_columns_a,
          glass_columns_c, glass_columns_b, glass_columns_a, glass_columns_b,
          glass_columns_b, glass_columns_a, glass_columns_c, glass_columns_b,
          glass_columns_b, glass_columns_a, glass_columns_a, glass_columns_c,
          uniq_robin
D:3:      layout_basic, mainiacjoe_overflow_24_doors, lemuel_blue_sif_altar,
          chequers_ecumenical_altar_simple, minmay_joined_circles, uniq_jessica
D:4:      layout_basic, lemuel_doored_altar, temple_statues
D:5:      layout_rooms, corexii_corridor_pit, item_on_display_a, uniq_edmund
D:6:      layout_rooms, nicolae_wu_jian_wuxing_cycle,
          nicolae_dithmenos_shadow_blocks, kennysheep_little_box,
          old_standard_altar, uniq_crazy_yiuf_cottage
D:7:      layout_loops_ring, mainiacjoe_overflow_alcove_4, uniq_duvessa
D:8:      layout_loops_ring, st_stairs_14, dk_noncrumbling_2,
          hangedman_abyss_or_decor_passed
D:9:      layout_loops_ring, david_orc_5, uniq_pikel
D:10:     layout_roguey, nicolae_vehumet_altar_sigil, enter_bailey_3,
          special_room [special_room_bee]
D:11:     layout_rooms, erik_lair_orcish_takeover, introduction_to_nature_2,
          uniq_maurice
Temple:   dshaligram_water_room_temple
Orc:1:    layout_caves, serial_shops, shop, lightli_church_of_beogh, uniq_sonja

Skill      XL: |  1  2  3  4  5  6  7  8  9 10 11 |
---------------+----------------------------------+-----
Axes           | 3 4 5 6 7 9 12 13 15 | 15.1
Fighting       | 4 5 6 7 8 9 |  9.3
Armour         | 4 5 6 7 9 10 | 10.2
Shields        | 4 5 6 7 |  7.1
Dodging        | 1 2 3 |  3.5
Maces & Flails | 1 3 |  3.4
Stealth        | 1 2 |  2.3

Action                     |  1- 3 |  4- 6 |  7- 9 | 10-12 || total
---------------------------+-------+-------+-------+-------++-------
  Melee: War axe           |   109 |   104 |   286 |   247 ||   746
         Whip              |       |    32 |     2 |       ||    34
 Invoke: Ancestor Life: He |       |       |       |     1 ||     1
    Use: Potion            |       |       |     1 |     1 ||     2
         Scroll            |       |       |    17 |     6 ||    23
   Stab: Confused          |       |       |       |     5 ||     5
         Distracted        |       |       |       |     1 ||     1
 Armour: Scale mail        |    93 |   114 |   189 |       ||   396
         Chain mail        |       |       |    45 |   120 ||   165
         Plate armour      |       |       |       |   108 ||   108
  Dodge: Dodged            |    70 |    86 |   151 |   120 ||   427
  Block: Buckler           |    32 |    33 |    71 |    62 ||   198
         Kite shield       |       |       |       |     8 ||     8
